Map: Central Protocol

Players

Sirius - Winner!

  • Race: Terran Terran
  • League: Silver

lesha

  • Race: Terran Terran
  • League: Silver

VOD

Have the link to the VOD?

Description

Time

  • Played on: Dec. 24, 2015, 10:40 a.m.
  • Length: 12:46
Show
View Real Time Build Order
Export as new Build Order

Sirius Terran - Winner!

Build Orders: Liberator Opening 

Get SALT Encoding   

  12  0:01  SCV  
  13  0:13  SCV  
  14  0:27  Supply Depot, SCV  
  15  0:33  Refinery  
  15  0:49  SCV  
  16  0:59  Barracks  
  16  1:01  SCV  
  16  1:02  Refinery  
  17  1:13  SCV  
  18  1:25  SCV  
  19  1:39  Supply Depot  
  18  2:02  Marine  
  18  2:06  Bunker  
  19  2:09  Orbital Command  
  19  2:13  Factory  
  19  2:24  Barracks Reactor  
  19  2:35  SCV  
  20  2:37  Supply Depot  
  20  2:47  SCV  
  21  2:58  Hellion, Starport  
  23  3:03  Marine x2  
  23  3:21  Marine  
  23  3:25  Hellion  
  23  3:26  SCV  
  27  3:32  Liberator  
  27  3:35  Supply Depot  
  27  3:37  Marine  
  27  3:38  SCV  
  27  3:39  Marine  
  30  3:50  SCV  
  30  3:54  Factory Tech Lab  
  34  3:56  Marine  
  34  4:02  SCV  
  36  4:14  SCV  
  36  4:16  Barracks  
  37  4:17  Liberator  
  37  4:18  Siege Tank  
  43  4:39  Marine  
  44  4:48  Supply Depot  
  44  4:50  Siege Tank  
  47  5:09  SCV, Marine x3  
  51  5:27  Marine x3  
  54  5:35  SCV  
  55  5:50  SCV, Marine x2  
  55  6:43  SCV  
  55  6:44  Marine x2  
  55  6:45  Marine  
  47  6:55  SCV  
  46  7:01  Marine  
  46  7:02  Marine x2  
  46  7:07  SCV  
  50  7:19  SCV, Marine, Starport Reactor  
  50  7:20  Marine x2  
  54  7:29  Barracks  
  54  7:31  SCV  
  54  7:35  Barracks  
  55  7:38  Barracks  
  55  7:40  Command Center  
  55  8:05  Command Center  
  55  8:21  Supply Depot  
  55  8:22  Supply Depot  
  55  8:24  Supply Depot  
  55  8:31  Marine x2  
  55  8:32  SCV  
  55  8:42  Marine  
  55  8:44  SCV  
  52  8:49  Marine x2  
  52  8:56  SCV  
  52  9:00  Marine  
  53  9:07  Marine x2  
  53  9:08  SCV  
  56  9:20  SCV  
  56  9:21  Barracks Tech Lab  
  56  9:23  Engineering Bay  
  57  9:36  Orbital Command  
  57  9:47  Medivac  
  57  9:48  Medivac  
  57  9:51  Engineering Bay  
  61  10:01  Orbital Command  
  61  10:09  Refinery  
  61  10:10  Refinery  
  61  10:14  Refinery  
  61  10:15  Refinery  
  61  10:27  Stimpack  
  61  10:38  Hellion  
  61  10:41  Terran Infantry Weapons Level 1  
  63  10:44  Barracks Tech Lab  
  63  10:45  Barracks Reactor  
  63  10:47  Barracks Reactor  
  63  10:51  Marine x3  
  63  10:54  SCV x3  
  69  10:59  Hellion  
  71  11:06  SCV x2, Marine  
  71  11:08  SCV  
  71  11:09  Marine x3  
  78  11:18  SCV x2  
  79  11:20  SCV  
  79  11:21  Hellion  
  79  11:23  Marine  
  84  11:27  Marine x3  
  84  11:30  SCV x2  
  84  11:32  SCV  
  90  11:41  Marine  
  90  11:42  SCV x2, Marine x3  
  90  11:43  Marine  
  90  11:44  Marine  
  90  11:45  Marauder, Marine  
  101  11:56  SCV x3  
  101  11:59  Marine  
  101  12:00  Marine x3  
  101  12:01  Marine  
  109  12:05  Supply Depot  
  109  12:11  Marine  
  109  12:12  SCV, Marine  
  109  12:13  SCV, Marauder  
  104  12:17  Marine  
  104  12:18  Marine x3  
Show
View Real Time Build Order
Export as new Build Order

lesha Terran 

Build Orders:  

Get SALT Encoding   

  12  0:01  SCV  
  13  0:13  SCV  
  14  0:17  Supply Depot  
  14  0:26  SCV  
  15  0:39  SCV  
  15  0:40  Barracks  
  16  0:46  Refinery  
  16  0:51  SCV  
  17  1:03  SCV  
  18  1:15  SCV  
  19  1:27  SCV  
  19  1:32  Marine  
  22  1:55  Command Center  
  22  1:56  Reaper  
  22  2:02  Orbital Command  
  22  2:04  Refinery  
  22  2:25  Barracks  
  22  2:28  Factory  
  22  2:31  SCV  
  23  2:53  Barracks  
  23  2:55  Barracks  
  23  2:57  Supply Depot  
  23  3:03  Supply Depot  
  23  3:07  SCV  
  24  3:19  SCV, Marine  
  25  3:27  Factory Reactor  
  25  3:30  Starport  
  25  3:37  Marine  
  25  3:40  Supply Depot  
  26  3:43  SCV  
  26  3:45  Orbital Command  
  27  3:52  Barracks Reactor  
  27  3:53  Barracks Reactor  
  27  3:55  Barracks Tech Lab  
  27  4:03  SCV  
  28  4:14  Barracks  
  28  4:15  SCV  
  28  4:16  Starport Reactor  
  29  4:18  SCV  
  30  4:27  SCV  
  31  4:32  SCV  
  31  4:33  Marine x2  
  31  4:34  Marine  
  31  4:36  Marine  
  36  4:39  SCV, Stimpack  
  36  4:44  SCV  
  38  4:51  SCV  
  39  4:53  Factory Reactor  
  39  4:56  SCV  
  39  4:57  Marine x4  
  43  5:07  Engineering Bay  
  42  5:39  Missile Turret  
  34  5:59  Marine x5  
  34  6:00  Marine x2  
  37  6:17  Marine x3  
  30  6:22  Marine x4  
  33  6:31  Medivac  
  35  6:34  Marine  
  28  6:57  Marine x2  
  28  6:58  Marine x4  
  32  7:15  Marine  
  32  7:16  Marine x5  
  38  7:27  Marine  
  39  7:33  Marine x2  
  39  7:34  Marine  
  42  7:42  Medivac  
  42  7:43  Medivac  
  46  7:46  Orbital Command  
  46  7:53  Missile Turret  
  46  7:55  Missile Turret  
  46  8:02  Missile Turret  
  46  8:05  Marine  
  46  8:06  Marine  
  48  8:13  Marine x2  
  50  8:36  Marine x6  
  42  9:04  Marine x3  
  42  9:21  Marine x4  
  42  9:22  Marine x2  
  48  9:32  Orbital Command  
  48  9:35  Marine  
  49  9:39  Marine x3  
  49  9:40  Medivac, Marine  
  49  9:41  Medivac  
  57  9:51  Orbital Command  
  57  9:54  Marine x3  
  60  10:01  Marine  
  60  10:02  Marine  
  62  10:10  Command Center  
  62  10:33  Marine x7  
  62  10:34  SCV  
  70  10:52  Supply Depot  
  70  11:01  Supply Depot  
  70  11:05  Refinery  
  70  11:07  Refinery  
  70  11:08  Command Center, Marine  
  70  11:14  SCV x2, Marine x4  
  76  11:26  SCV  
  77  11:46  Marine x6  
  84  11:47  Marine  
  84  12:03  Marine  
  84  12:04  Marine  
  86  12:20  Marine  
Tags
 
Add a new tag
Caveats
  • Supply blocks, unpowered buildings, or Contaminate may cause inaccurate times.
  • Supply counts are checked every 10 seconds.